 Dungeon Crawl Stone Soup version 0.30-a0-169-g06f667207d (webtiles) character file.

Game seed: 9508552794741018579

687 qw the Chopper (level 7, 0/43 HPs)
             Began as a Gargoyle Fighter on Sept 29, 2022.
             Slain by an orc warrior
             ... wielding a +0 glaive
              (11 damage)
             ... on level 5 of the Dungeon.
             The game lasted 00:01:29 (4585 turns).

qw the Chopper (Gargoyle Fighter)                   Turns: 4585, Time: 00:01:29

Health: 0/43       AC: 17    Str: 21    XL:     7   Next: 62%
Magic:  7/7        EV: 10    Int:  9    God:
Gold:   207        SH:  4    Dex:  9    Spells: 6/6 levels left

rFire   . . .      SeeInvis .    Y - +0 war axe
rCold   + . .      Faith    .    c - +0 buckler
rNeg    + . .      Spirit   .    h - +1 ring mail of Agnosticism {rC+ rCorr}
rPois   inf        Reflect  .    (no helmet)
rElec   +          Harm     .    n - +1 cloak
rCorr   +          Rampage  .    (no gloves)
Will    .....                    k - +1 pair of boots
Stlth   ..........               (no amulet)
HPRegen 0.14/turn                (no ring)
MPRegen 0.10/turn                (no ring)

@: no status effects
A: sickness immunity, AC +4, negative energy resistance 1, electricity
resistance, torment resistance 1, petrification resistance, iridescent scales 1,
MP-powered wands
a: no special abilities


You were on level 5 of the Dungeon.
You visited 1 branch of the dungeon, and saw 5 of its levels.

You collected 207 gold pieces.


Innate Abilities, Weirdness & Mutations

You are immune to sickness and miasma.
Your stone body is resilient. (AC +4)
You are immune to poison.
You resist negative energy. (rN+)
You are resistant to electric shocks. (rElec)
You are resistant to unholy torment.
You are immune to petrification.
You are partially covered in iridescent scales. (AC +2)
You expend magic power (3 MP) to strengthen your wands.


   Skills:
 - Level 4.1 Fighting
 + Level 6.8 Axes
 - Level 1.4 Throwing
 - Level 3.2 Armour
 - Level 1.2 Dodging
 - Level 3.2 Shields


You had 6 spell levels left.
You didn't know any spells.
Your spell library was empty.

Inventory:

Hand Weapons
 q - a +0 flail
 Y - a +0 war axe (weapon)
Missiles
 a - 4 javelins (quivered)
 o - 3 boomerangs
Armour
 b - a +0 scale mail
 c - a +0 buckler (worn)
 h - the +1 ring mail of Agnosticism (worn) {rC+ rCorr}
   (You found it on level 3 of the Dungeon)

   rC:        It protects you from cold.
   rCorr:     It protects you from acid and corrosion.
 k - a +1 pair of boots (worn)
 n - a +1 cloak (worn)
Scrolls
 j - a scroll of identify
Potions
 d - a potion of might
 e - a potion of haste
 g - 2 potions of curing
 i - a potion of brilliance {unknown}
 l - 3 potions of mutation
 m - a potion of attraction {unknown}

Dungeon Overview and Level Annotations

Branches:
Dungeon (5/15)
 Temple: D:4-7

Altars:
Qazlal
Xom
The Shining One


Message History

The orc shouts!
The orc priest shouts!
The orc shouts!
You hear a shout!
The orc warrior hits you but does no damage.
An ice beast comes into view.
You closely miss the orc warrior. The orc warrior barely misses you.
You barely miss the orc warrior. You slash the orc!
You kill the orc!
The orc warrior barely misses you.
The orc priest invokes the aid of Beogh against you.
Beogh smites you!
You completely miss the orc warrior.
The orc warrior hits you with a +0 glaive.
The orc hits you from afar with a +0 trident.
An orc comes into view. It is wielding a +0 short sword.
You closely miss the orc warrior.
The orc warrior hits you with a +0 glaive.
The orc barely misses you.
You closely miss the orc warrior. The orc warrior closely misses you.
The orc barely misses you.
You slash the orc priest!
The orc priest is heavily wounded.
You hit the orc warrior. You slash the orc!
You kill the orc!
The orc warrior barely misses you.
An ice beast comes into view.
The orc hits you but does no damage. The orc priest closely misses you.
The orc priest casts a cantrip, but nothing happens.
The orc hits you from afar with a +0 trident.
The orc warrior closely misses you.
You slash the orc priest!
You kill the orc priest!
You completely miss the ice beast. You closely miss the orc warrior.
The orc warrior hits you with a +0 glaive.
The orc hits you from afar with a +0 trident.
The ice beast closely misses you.
You slash the orc warrior!
The orc warrior is heavily wounded.
You closely miss the ice beast.
The orc warrior hits you with a +0 glaive!
You die...

...#.+ #....#+#. .
##.......... ..
#..........# ..
..........## ##.
#....#...#.###
.#...###............#
....YoY#)...........#
#.)@...........#
.....##o$.......$...
##. ###........#
#........##
......###..### .....#
##.####
....######....#
.....##.#.##...#
..............##


You could see an orc warrior, 2 ice beasts and an orc.

Vanquished Creatures
  A phantom (D:5)
  3 scorpions
  3 necrophages (D:4)
  3 orc priests
  Jessica (D:2)
  An iguana (D:4)
  2 adders
  2 worms
  2 dart slugs
  9 orcs
  7 ball pythons
  8 endoplasms
  A giant cockroach (D:1)
  12 goblins
  5 hobgoblins
  5 quokkas
  4 bats
  2 frilled lizards (D:2)
  5 kobolds
  9 rats
85 creatures vanquished.

Notes
Turn   | Place    | Note
-------+----------+-------------------------------------------
     0 | D:1      | qw the Gargoyle Fighter began the quest for the Orb.
     0 | D:1      | Reached XP level 1. HP: 14/14 MP: 1/1
     0 | D:1      | 0 ||| qw: Version: 0.2-a-12-gaebbb33
     0 | D:1      | 0 ||| qw: Game counter: 1292
     0 | D:1      | 0 ||| qw: Always use a shield: true
     0 | D:1      | 0 ||| qw: God list: Okawaru
     0 | D:1      | 0 ||| qw: Allow faded altars: false
     0 | D:1      | 0 ||| qw: Do Orc after D:15 true
     0 | D:1      | 0 ||| qw: Do second Lair branch before Depths: true
     0 | D:1      | 0 ||| qw: Lair rune preference: random
     0 | D:1      | 0 ||| qw: Plans: Normal, Zot:1-4, God:TSO, Crypt, Tomb,
                  | Pan, Slime:5, Hells, Abyss, Orb
     0 | D:1      | 0 ||| PLANNING D:1-11
    55 | D:1      | Reached skill level 2 in Axes
   201 | D:1      | Reached XP level 2. HP: 19/19 MP: 2/2
   357 | D:1      | 357 ||| DROPPING +0 club.
   756 | D:1      | 756 ||| READING scroll labelled VEZOUNWO XUXTYITO.
   757 | D:1      | 757 ||| READING scroll labelled QYRUHI MAVUMED.
   758 | D:1      | 758 ||| READING scroll labelled DIUF BEOSS.
   763 | D:1      | 763 ||| READING scroll labelled PUETIU GOANN.
   889 | D:2      | Noticed Jessica
   900 | D:2      | Killed Jessica
   901 | D:2      | Reached skill level 3 in Axes
   901 | D:2      | Reached XP level 3. HP: 18/23 MP: 3/3
  1039 | D:2      | 1039 ||| Stepping ~*~*~tactically~*~*~ (stealth).
  1088 | D:2      | Found a faded altar of an unknown god.
  1197 | D:2      | Reached XP level 4. HP: 27/28 MP: 4/4
  1624 | D:2      | Reached skill level 4 in Axes
  2023 | D:2      | 2023 ||| UPGRADING to +1 pair of boots.
  2028 | D:2      | 2028 ||| READING scroll labelled KOCWESAMUKH.
  2029 | D:2      | 2029 ||| READING scroll labelled VAIGASADYCAAFA.
  2078 | D:2      | 2078 ||| READING scroll labelled EMULEOGO RESHA.
  2079 | D:2      | 2079 ||| DRINKING 2 golden potions.
  2214 | D:3      | 2214 ||| Stepping ~*~*~tactically~*~*~ (stealth).
  2290 | D:3      | Found a glowing golden altar of the Shining One.
  2310 | D:3      | 2310 ||| Stepping ~*~*~tactically~*~*~ (stealth).
  2321 | D:3      | 2321 ||| Stepping ~*~*~tactically~*~*~ (stealth).
  2574 | D:3      | 2574 ||| Stepping ~*~*~tactically~*~*~ (stealth).
  2578 | D:3      | 2578 ||| Stepping ~*~*~tactically~*~*~ (stealth).
  2607 | D:3      | 2607 ||| Stepping ~*~*~tactically~*~*~ (stealth).
  2697 | D:3      | 2697 ||| Stepping ~*~*~tactically~*~*~ (stealth).
  2711 | D:3      | 2711 ||| Stepping ~*~*~tactically~*~*~ (stealth).
  2727 | D:3      | Identified the +1 ring mail of Agnosticism {rC+ rCorr}
  2877 | D:3      | 2877 ||| UPGRADING to +1 ring mail of Agnosticism {rC+
                  | rCorr}.
  3077 | D:4      | Noticed a necrophage
  3085 | D:4      | Killed a necrophage
  3086 | D:4      | Reached skill level 5 in Axes
  3086 | D:4      | Reached XP level 5. HP: 29/32 MP: 5/5
  3149 | D:4      | 3149 ||| Stepping ~*~*~tactically~*~*~ (stealth).
  3150 | D:4      | 3150 ||| Stepping ~*~*~tactically~*~*~ (stealth).
  3178 | D:4      | Reached skill level 1 in Dodging
  3219 | D:4      | Reached XP level 6. HP: 31/38 MP: 6/6
  3330 | D:4      | Found a stormy altar of Qazlal.
  3455 | D:4      | 3455 ||| Stepping ~*~*~tactically~*~*~ (hiding).
  3565 | D:4      | Found a shimmering altar of Xom.
  3779 | D:4      | 3779 ||| Stepping ~*~*~tactically~*~*~ (stealth).
  3789 | D:4      | Reached skill level 6 in Axes
  3789 | D:4      | Reached XP level 7. HP: 43/43 MP: 7/7
  3806 | D:4      | 3806 ||| DROPPING +0 whip.
  4185 | D:4      | 4185 ||| UPGRADING to +1 cloak.
  4190 | D:4      | 4190 ||| DROPPING ring of magical power.
  4191 | D:4      | 4191 ||| READING scroll labelled SOANEO WATUTHOE.
  4192 | D:4      | 4192 ||| DRINKING 4 black potions.
  4192 | D:4      | Gained mutation: You expend magic power (3 MP) to
                  | strengthen your wands. [potion of mutation]
  4192 | D:4      | Gained mutation: You are partially covered in iridescent
                  | scales. (AC +2) [potion of mutation]
  4193 | D:4      | 4193 ||| READING 3 scrolls of identify.
  4193 | D:4      | 4193 ||| IDENTIFYING fuming inky potion
  4194 | D:4      | 4194 ||| READING 2 scrolls of identify.
  4194 | D:4      | 4194 ||| IDENTIFYING fizzy orange potion
  4195 | D:4      | 4195 ||| DROPPING potion of magic.
  4196 | D:4      | 4196 ||| DROPPING potion of flight.
  4205 | D:5      | Entered Level 5 of the Dungeon
  4227 | D:5      | Reached skill level 1 in Throwing
  4292 | D:5      | 4292 ||| Stepping ~*~*~tactically~*~*~ (hiding).
  4294 | D:5      | 4294 ||| Stepping ~*~*~tactically~*~*~ (hiding).
  4295 | D:5      | 4295 ||| Stepping ~*~*~tactically~*~*~ (hiding).
  4296 | D:5      | 4296 ||| Stepping ~*~*~tactically~*~*~ (hiding).
  4297 | D:5      | 4297 ||| STAIRDANCE
  4382 | D:4      | 4382 ||| READING 2 scrolls of identify.
  4382 | D:4      | 4382 ||| IDENTIFYING inky potion
  4383 | D:4      | 4383 ||| DROPPING potion of invisibility.
  4386 | D:5      | 4386 ||| STAIRDANCE
  4404 | D:5      | 4404 ||| STAIRDANCE
  4572 | D:5      | 4572 ||| Stepping ~*~*~tactically~*~*~ (hiding).
  4574 | D:5      | 4574 ||| Stepping ~*~*~tactically~*~*~ (hiding).
  4585 | D:5      | Slain by an orc warrior

Levels and vault maps discovered:
D:1:      eino_arrival_water_cross, layout_loops_cross
D:2:      layout_basic, ebering_ecumenical_altar_petrified, uniq_jessica
D:3:      layout_loops_ring, mainiacjoe_overflow_paths,
          small_statue_intersection
D:4:      layout_loops_ring, xom_teletrap_fun, nicolae_overflow_hidden_temple,
          serial_rivers, chequers_serial_rivers_marsh,
          chequers_serial_rivers_micro_e, chequers_serial_rivers_large_a,
          chequers_serial_rivers_room_b, chequers_serial_rivers_micro_e,
          chequers_serial_rivers_micro_b, nicolae_figureground_pulse
D:5:      layout_cave_pools, mainiacjoe_overflow_catch_the_wave,
          minmay_temple_entry_trees, serial_shops, nicolae_shop_behind_doors

Skill      XL: |  1  2  3  4  5  6  7 |
---------------+----------------------+-----
Axes           | 2 3 5 6 |  6.8
Dodging        | 1 |  1.2
Fighting       | 4 |  4.1
Throwing       | 1 |  1.4
Armour         | |  3.2
Shields        | |  3.2

Action                   |  1- 3 |  4- 6 |  7- 9 || total
-------------------------+-------+-------+-------++-------
Melee: War axe           |    66 |   165 |    34 ||   265
Throw: Boomerang         |       |     9 |     3 ||    12
       Javelin           |       |       |     6 ||     6
  Use: Scroll            |     4 |     3 |     4 ||    11
       Potion            |       |     1 |     1 ||     2
Armor: Scale mail        |    30 |    42 |       ||    72
       Ring mail         |       |    33 |    12 ||    45
Dodge: Dodged            |    30 |    51 |    14 ||    95
Block: Buckler           |    10 |    24 |     5 ||    39

Table legend:
 A = Non-vault XP
 B = Vault XP
 C = Vault XP percentage of total XP
 D = Non-vault monster count
 E = Vault monster count
 F = Vault count percentage of total count
                 A         B        C        D         E       F
            +---------+---------+-------+---------+---------+-------
      Total |     945 |      37 |   3.8 |      84 |       1 |   1.2
            +---------+---------+-------+---------+---------+-------
        D:1 |      26 |       0 |   0.0 |      16 |       0 |   0.0
        D:2 |      40 |      37 |  48.1 |      16 |       1 |   5.9
        D:3 |      51 |       0 |   0.0 |      22 |       0 |   0.0
        D:4 |     552 |       0 |   0.0 |      24 |       0 |   0.0
        D:5 |     276 |       0 |   0.0 |       6 |       0 |   0.0
            +---------+---------+-------+---------+---------+-------
